 Dungeon Crawl Stone Soup version 0.31-a0-819-gf6de2f5ab6 (webtiles) character file.

Game seed: 14140518338218407792

40 quinnr the Gusty (level 3, -1/20 HPs)
             Began as a Tengu Air Elementalist on Sept 23, 2023.
             Slain by a gnoll
             ... wielding a +0 whip of electrocution
              (16 damage)
             ... on level 2 of the Dungeon.
             The game lasted 00:03:22 (1372 turns).

quinnr the Gusty (Tengu Air Elementalist)           Turns: 1372, Time: 00:03:22

Health: -1/20      AC:  2    Str:  8    XL:     3   Next: 50%
Magic:  0/7        EV: 12    Int: 17    God:
Gold:   9          SH:  0    Dex: 14    Spells: 0/6 levels left

rFire   . . .        (no weapon)
rCold   . . .        (no shield)
rNeg    . . .        a - +0 robe
rPois   .            (helmet restricted)
rElec   .            (no cloak)
rCorr   .            (no gloves)
SInv    .            (boots unavailable)
Will    .....        (no amulet)
Stlth   ++           (no ring)
HPRegen 0.23/turn    (no ring)
MPRegen 0.10/turn

%: acrobat
@: no status effects
A: beak, talons 3, acrobatic
a: no special abilities


You were on level 2 of the Dungeon.
You visited 1 branch of the dungeon, and saw 3 of its levels.

You collected 9 gold pieces.


Innate Abilities, Weirdness & Mutations

You have a beak for a mouth.
You have claws for feet.
You can magically evade attacks while moving or waiting.


   Skills:
 + Level 0.6 Fighting
 + Level 2.5 Dodging
 - Level 2.1 Stealth
 - Level 2.0 Spellcasting
 - Level 2.0 Conjurations
 + Level 5.1 Air Magic


You couldn't memorise any spells.
You knew the following spells:

 Your Spells              Type           Power      Damage    Failure   Level
i - Swiftness             Air            19%        N/A       7%          3
t - Static Discharge      Conj/Air       26%        2-4/arc   7%          2
z - Shock                 Conj/Air       52%        1d6       4%          1

Your spell library contained the following spells:

 Spells                   Type           Power      Damage    Failure   Level
 Summon Small Mammal      Summ           4%         N/A       19%         1
 Airstrike                Air            9%         2d(2-18)  22%         4
 Call Canine Familiar     Summ           1%         N/A       50%         3
 Summon Guardian Golem    Hex/Summ       1%         N/A       50%         3

Inventory:

Armour
 a - a +0 robe (worn)
Scrolls
 c - a scroll of torment {unknown}
 d - 2 scrolls of immolation {unknown}
 e - a scroll of enchant weapon {unknown}
 f - 2 scrolls of identify {unknown}
 g - a scroll of amnesia {unknown}
Potions
 b - a potion of magic
 h - 2 potions of might {unknown}
 i - a potion of resistance {unknown}
 j - 2 potions of brilliance {unknown}

Dungeon Overview and Level Annotations

Branches:
Dungeon (3/15)

Altars:

Shops:
D:1 ((([

Annotations:
D:1 fire vault

####...#...#
.......†.#
####.....# ##.#..#
#.#..#####
########.
#####........)
#.....gg.
.........#### #g#
..#####.## #g# #.#
##...#######@#
..###.#..........#
..........######.#
#.#####.#.# #)#
#.# ###.# #.# #.#
#.# #.# #.# #.#
#.## #.# #.# #..#
... #.# ##.#


You could see 2 gnolls.


Message History

The zap misses the gnoll.
The gnoll shouts!
You hear a shout!
You start resting.
A gnoll is nearby!
The zap hits the gnoll.
The gnoll is heavily wounded.
The zap hits the gnoll.
The gnoll is almost dead.
The zap hits the gnoll.
The gnoll is almost dead.
The zap misses the gnoll.
The gnoll closely misses you.
The zap misses the gnoll.
The zap hits the gnoll.
You kill the gnoll!
The zap hits the gnoll.
The gnoll is moderately wounded.
The zap hits the gnoll.
The gnoll is moderately wounded.
The zap hits the gnoll.
The gnoll is severely wounded.
The zap misses the gnoll.
The gnoll misses you.
The zap misses the gnoll. x2
A gnoll comes into view. It is wielding a +0 club.
The gnoll barely misses you.
You are out of magic!
You completely miss the gnoll. You peck the gnoll.
The gnoll is almost dead.
The gnoll hits you with a +0 whip of electrocution.
You are electrocuted!
Ouch! That really hurt!
You die...

Skill      XL: |  1  2 |
---------------+-------+-----
Conjurations   | 2 |  2.0
Air Magic      | 5 |  5.1
Fighting       | |  0.6
Dodging        | |  2.5
Stealth        | |  2.1
Spellcasting   | |  2.0

Action                     || total
---------------------------++-------
  Melee: Unarmed           ||     6
         Kick              ||     2
         Peck              ||     1
   Cast: Shock             ||    65
 Armour: Robe              ||     6
  Dodge: Dodged            ||    18

Levels and vault maps discovered:
D:1:      amcnicky_arrival_choice, layout_basic,
          ebering_ecumenical_altar_abandoned, serial_shops,
          nicolae_shop_waterfront, shop, shop, nicolae_shop_rolling_square,
          eino_curves_02, lemuel_flame_loot_1
D:2:      layout_loops_ring, uniq_jessica, uniq_crazy_yiuf_cottage
D:3:      layout_loops_cross, roderic_filled_cross

Notes
Turn   | Place    | Note
-------+----------+-------------------------------------------
     0 | D:1      | quinnr the Tengu Air Elementalist began the quest for the
                  | Orb.
     0 | D:1      | Reached XP level 1. HP: 10/10 MP: 4/4
     6 | D:1      | Found Lymiets's Antique Weapon Shop.
    29 | D:1      | Found a faded altar of an unknown god.
   236 | D:1      | Reached XP level 2. HP: 15/15 MP: 1/6
   314 | D:1      | Found Musaw's Weapon Shop.
   318 | D:1      | Learned a level 2 spell: Static Discharge
   381 | D:1      | Found Qemishuf's Weapon Boutique.
   642 | D:1      | Found Hualovo's Antique Armour Emporium.
   651 | D:1      | Reached skill level 2 in Conjurations
  1053 | D:2      | Reached skill level 5 in Air Magic
  1053 | D:2      | Reached XP level 3. HP: 19/19 MP: 2/7
  1057 | D:2      | Learned a level 3 spell: Swiftness
  1372 | D:2      | Slain by a gnoll

Vanquished Creatures
  A gnoll (D:2)
  3 bats
  An endoplasm (D:1)
  A giant cockroach (D:1)
  3 goblins (D:1)
  6 hobgoblins
  2 jackals (D:1)
  A quokka (D:1)
  A ball python (D:1)
  3 frilled lizards
  4 kobolds
  2 rats (D:2)
28 creatures vanquished.

Vanquished Creatures (others)
  An endoplasm (D:1)
1 creature vanquished.

Grand Total: 29 creatures vanquished

Table legend: (Time is in decaauts)
 A = Elapsed time spent in this place.
 B = Non-inter-level travel time spent in this place.
 C = Inter-level travel time spent in this place.
 D = Time resting spent in this place.
 E = Time spent auto-exploring this place.
 F = Levels seen in this place.
 G = Mean time per level.
                   A        B        C        D        E       F      G
               +--------+--------+--------+--------+--------+-----+--------+
         Total |   1372 |   1334 |     38 |      3 |   1119 |   3 |  457.3 |
       Dungeon |   1372 |   1334 |     38 |      3 |   1119 |   3 |  457.3 |
               +--------+--------+--------+--------+--------+-----+--------+

Top non-repeatable levels by time:
     D:1: 1044 daAuts
     D:2: 312 daAuts
     D:3: 14 daAuts

Table legend:
 A = Non-vault XP
 B = Vault XP
 C = Vault XP percentage of total XP
 D = Non-vault monster count
 E = Vault monster count
 F = Vault count percentage of total count
                 A         B        C        D         E       F
            +---------+---------+-------+---------+---------+-------
      Total |      58 |       0 |   0.0 |      28 |       0 |   0.0
            +---------+---------+-------+---------+---------+-------
        D:1 |      32 |       0 |   0.0 |      19 |       0 |   0.0
        D:2 |      25 |       0 |   0.0 |       8 |       0 |   0.0
        D:3 |       1 |       0 |   0.0 |       1 |       0 |   0.0
            +---------+---------+-------+---------+---------+-------

Levels and vault maps discovered:
D:1:      amcnicky_arrival_choice, layout_basic,
          ebering_ecumenical_altar_abandoned, serial_shops,
          nicolae_shop_waterfront, shop, shop, nicolae_shop_rolling_square,
          eino_curves_02, lemuel_flame_loot_1
D:2:      layout_loops_ring, uniq_jessica, uniq_crazy_yiuf_cottage
D:3:      layout_loops_cross, roderic_filled_cross
